 Dungeon Crawl Stone Soup version 0.28-a0-845-gfc338a8e3c (webtiles) character file.

Game seed: 15147308795474607960

4 Crownlay the Conjurer (level 1, 14/14 HPs)
             Began as a Draconian Conjurer on Nov 12, 2021.
             Was a Follower of Trog.
             Quit the game on level 1 of the Dungeon.
             The game lasted 00:00:26 (397 turns).

Crownlay the Conjurer (Draconian Conjurer)           Turns: 397, Time: 00:00:27

Health: 14/14      AC:  4    Str:  9    XL:     1   Next: 58%
Magic:  1/3        EV: 12    Int: 18    God:    Trog [*.....]
Gold:   44         SH:  0    Dex:  9    Spells: 3/4 levels left

rFire   . . .      SeeInvis .   (no weapon)
rCold   . . .      Faith    .   (no shield)
rNeg    . . .      Spirit   .   (armour unavailable)
rPois   .          Reflect  .   (helmet restricted)
rElec   .          Harm     .   (no cloak)
rCorr   .          Rampage  .   (no gloves)
Will    .....                   (no boots)
Stlth   ++........              (no amulet)
HPRegen 0.04/turn               (no ring)
MPRegen 0.08/turn               (no ring)

@: no status effects
A: AC +4, unfitting armour, cold-blooded
a: Renounce Religion, Berserk


You were on level 1 of the Dungeon.
You worshipped Trog.
Trog was aware of your devotion.
You visited 1 branch of the dungeon, and saw 1 of its levels.

You collected 44 gold pieces.

Inventory:

Potions
 a - a potion of mutation {unknown}


   Skills:
 - Level 1.7 Dodging
 - Level 1.7 Stealth
 - Level 2.2 Spellcasting
 - Level 4.1 Conjurations


You had 3 spell levels left.
You knew the following spells:

 Your Spells              Type           Power      Damage    Failure   Level
a - Magic Dart            Conj           64%        1d6       3%          1

Your spell library contained the following spells:

 Spells                   Type           Power      Damage    Failure   Level
 Searing Ray              Conj           32%        2d5       4%          2
 Dazzling Flash           Conj/Hex       18%        N/A       22%         3
 Fulminant Prism          Conj/Hex       4%         3d6       58%         4
 Iskenderun's Mystic Bla  Conj/Tloc      9%         2d4       58%         4


Dungeon Overview and Level Annotations

Branches:
Dungeon (1/15)

Altars:
Trog


Innate Abilities, Weirdness & Mutations

Your plain brown scales are hard. (AC +4)
You cannot fit into any form of body armour.
You are cold-blooded and may be slowed by cold attacks.


Message History

A bat is nearby!
The magic dart hits the bat.
You kill the bat!
You can't see any susceptible monsters within range! (Use Z to cast anyway.)
You can't see any susceptible monsters within range! (Use Z to cast anyway.)
You open the door.
There is an open door here.
You open the door.
There is an open door here.
Found a robe.
You see here a +0 robe.
There is an open door here.
You see here a +0 dagger.
A quokka comes into view.
Found a faded altar of an unknown god.
A quokka is nearby!
A quokka is nearby!
The magic dart hits the quokka.
The quokka is moderately wounded.
The magic dart hits the quokka.
The quokka is almost dead.
You miscast Magic Dart.
You are very lightly contaminated with residual magic.
Nothing appears to happen.
You are too depleted to draw on your mana recklessly!
You are too depleted to draw on your mana recklessly!
You hit the quokka.
You kill the quokka!
You see here a quokka corpse.
Your magical contamination has completely faded away.
There is a faded altar of an unknown god here.
You cannot tell which god this altar belongs to.
Convert to them anyway?
Okay, then.
You cannot tell which god this altar belongs to.
Convert to them anyway?
Trog accepts your prayer! Trog welcomes you!
You can now go berserk at will.
You aren't carrying any such object.
Autopickup is now off.
Are you sure you want to abandon this character and quit the game? (Confirm with "yes".)

#.# #.. ....
#.# ... ....
#.# ### ####
##+### #.##
#.....###†.#
#..........#
#......#...#
#.....#.#..#
...#.@.#....#
#.....#.#.....#
##+#...#......#
#... ...####
..... ..##
#.#### ### .


There were no monsters in sight!

Vanquished Creatures
  A ball python (D:1)
  A quokka (D:1)
  2 bats (D:1)
  A rat (D:1)
5 creatures vanquished.

Notes
Turn   | Place    | Note
-------+----------+-------------------------------------------
     0 | D:1      | Crownlay the Draconian Conjurer began the quest for the
                  | Orb.
     0 | D:1      | Reached XP level 1. HP: 14/14 MP: 3/3
   384 | D:1      | Found a faded altar of an unknown god.
   396 | D:1      | Prayed at the altar of an unknown god.
   396 | D:1      | Became a worshipper of Trog the Wrathful
   396 | D:1      | Reached * piety under Trog
   397 | D:1      | Quit the game

Illustrated notes

Levels and vault maps discovered:
D:1:      elethiomel_arrival_infinity_welcomes_careful_drivers, layout_basic,
          chequers_ecumenical_altar_simple_redux, ebering_dispersal_statue_hall,
          minmay_unequal

Action                   || total
-------------------------++-------
Melee: Unarmed           ||     1
 Cast: Magic Dart        ||     7

Table legend: (Time is in decaauts)
 A = Elapsed time spent in this place.
 B = Non-inter-level travel time spent in this place.
 C = Inter-level travel time spent in this place.
 D = Time resting spent in this place.
 E = Time spent auto-exploring this place.
 F = Levels seen in this place.
 G = Mean time per level.
                   A        B        C        D        E       F      G
               +--------+--------+--------+--------+--------+-----+--------+
         Total |    397 |    397 |      0 |      0 |    367 |   1 |  397.0 |
       Dungeon |    397 |    397 |      0 |      0 |    367 |   1 |  397.0 |
               +--------+--------+--------+--------+--------+-----+--------+

Top non-repeatable levels by time:
     D:1: 397 daAuts
